 Dungeon Crawl Stone Soup version 0.31-a0-1010-g5322dac6a2 (webtiles) character file.

Game seed: 16114587302743527917

1787 protoss039 the Digger (level 8, -2/61 HPs)
             Began as a Demonspawn Earth Elementalist on Nov 16, 2023.
             Was a Follower of Vehumet.
             Slain by a cyclops (24 damage)
             ... on level 6 of the Dungeon.
             The game lasted 00:10:59 (4763 turns).

protoss039 the Digger (DsEE)                        Turns: 4763, Time: 00:11:00

Health: -2/61      AC: 16    Str: 16    XL:     8   Next: 82%
Magic:  14/14      EV: 10    Int: 19    God:    Vehumet [*.....]
Gold:   322        SH:  0    Dex: 14    Spells: 10/16 levels left

rFire   . . .        b - +7 dagger (venom)
rCold   . . .        (no shield)
rNeg    + . .        i - +2 scale mail {Will+}
rPois   .            e - +1 hat
rElec   .            (no cloak)
rCorr   .            o - +2 pair of gloves
SInv    .            m - +0 pair of boots
Will    +....        p - amulet of regeneration
Stlth   +            j - ring of Aruitz {Wiz rN+ Str+2}
HPRegen 1.10/turn    l - +6 ring of strength
MPRegen 0.14/turn

%: wizardry (x1)
@: no status effects
A: horns 2, yellow scales 1, foul stench 1, powered by death 1
a: Renounce Religion


You were on level 6 of the Dungeon.
You worshipped Vehumet.
Vehumet was aware of your devotion.
You visited 2 branches of the dungeon, and saw 7 of its levels.

You collected 322 gold pieces.

Inventory:

Hand Weapons
 b - a +7 dagger of venom (weapon)
 t - a +2 hand axe of freezing
Armour
 e - a +1 hat (worn)
 i - a +2 scale mail of willpower (worn)
 m - a +0 pair of boots (worn)
 o - a +2 pair of gloves (worn)
Jewellery
 a - a ring of willpower
 j - the ring of Aruitz (left hand) {Wiz rN+ Str+2}
   (You acquired it on level 5 of the Dungeon)

   [ring of wizardry]

   Wiz:       It improves your spell success rate.
   Str+2:     It affects your strength (+2).
   rN+:       It protects you from negative energy.
 l - a +6 ring of strength (right hand)
 p - an amulet of regeneration (around neck)
Wands
 q - a wand of charming (2)
 r - a wand of mindburst (19)
Scrolls
 c - a scroll of identify
 d - 2 scrolls of revelation
 f - a scroll of fear
 h - 2 scrolls of brand weapon
 k - a scroll of torment
 n - a scroll of amnesia
Potions
 g - 2 potions of curing
 s - a potion of resistance {unknown}


   Skills:
 + Level 4.5 Fighting
 * Level 3.3 Short Blades
 * Level 4.1 Armour
 - Level 3.0 Dodging
 - Level 3.0 Stealth
 + Level 4.5 Spellcasting
 + Level 3.2 Conjurations
 - Level 0.8 Transmutations
 + Level 4.9 Earth Magic
 + Level 0.9 Evocations


You had 10 spell levels left.
You knew the following spells:

 Your Spells              Type           Power      Damage    Failure   Level
a - Sandblast             Erth           44%        2d11      2%          1
b - Passwall              Tmut/Erth      12%        N/A       9%          2
c - Stone Arrow           Conj/Erth      38%        3d9       11%         3

Your spell library contained the following spells:

 Spells                   Type           Power      Damage    Failure   Level
 Magic Dart               Conj           64%        1d6       4%          1
 Momentum Strike          Conj/Tloc      20%        3d8       14%         2
 Blink                    Tloc           8%         N/A       26%         2
 Lesser Beckoning         Tloc           8%         N/A       26%         2
 Dazzling Flash           Conj/Hex       20%        N/A       26%         3
 Brom's Barrelling Bould  Conj/Erth      19%        2d4       32%         4
 Inner Flame              Hex/Fire       4%         N/A       45%         3
 Volatile Blastmotes      Fire/Tloc      8%         2d10      45%         3
 Petrify                  Tmut/Erth      15%        N/A       45%         4
 Flame Wave               Conj/Fire      10%        2d6       65%         4
 Sticky Flame             Conj/Fire      10%        2d3       65%         4
 Starburst                Conj/Fire      5%         6d4       100%        6
 Maxwell's Capacitive Co  Air            2%         ∞         100%        8


Dungeon Overview and Level Annotations

Branches:
Dungeon (6/15) Zot: 26488  Temple (1/1) D:5 Zot: 5974

Altars:
Dithmenos
Fedhas
Hepliaklqana
Makhleb
Okawaru
Qazlal
Ru
Vehumet
Wu Jian

Shops:
D:3 :

Annotations:
D:6 4 runed translucent doors, exclusion: 2 doors


Innate Abilities, Weirdness & Mutations

You have a pair of horns on your head.
You are partially covered in yellow scales. (AC +2)
You may rarely emit foul miasma when damaged in melee.
You regenerate a little health from kills.


Message History

The adder hisses angrily.
You hear a shout!
The adder bites you but does no damage. The adder completely misses you.
You hit the adder.
The adder is poisoned.
The adder is heavily wounded.
A cyclops comes into view.
The adder bites you but does no damage.
You hit the adder.
The adder looks as sick as possible!
The adder is severely wounded.
You kill the adder!
Vehumet accepts your kill.
You can now gain magical power from killing.
Vehumet offers you knowledge of Magic Dart.
Unknown command.
You start waiting.
A cyclops is nearby!
You hit the cyclops.
The cyclops is poisoned.
Your headbutt misses the cyclops.
The cyclops is lightly wounded.
You hit the cyclops.
The cyclops looks as sick as possible!
The cyclops is lightly wounded.
The cyclops hits you!
You hit the cyclops but do no damage.
The cyclops is moderately wounded.
The cyclops hits you!!
You hit the cyclops.
The cyclops looks as sick as possible!
The cyclops is moderately wounded.
You hit the cyclops.
The cyclops looks as sick as possible!
The cyclops is heavily wounded.
You hear the quick rusting of a drain nearby.
The cyclops hits you!!
You hit the cyclops.
The cyclops looks as sick as possible!
You headbutt the cyclops.
The cyclops is severely wounded.
You barely miss the cyclops. You headbutt the cyclops.
The cyclops is severely wounded.
The cyclops hits you but does no damage.
You hit the cyclops.
You headbutt the cyclops, but do no damage.
The cyclops is severely wounded.
The cyclops hits you!!
You die...

#..########..##...##..#..# #..#
#..##.......#..# #...
#...........#..# #...
#...........#..#
#..########........##+#..#
#..##....#..######.......##
#..........##...C##.......####
#..........#C####.#(....##~~~.
####........#†@# #.#.....######
#....##++##.'†#.##.#...###..###
#...##8TC8#######.C#...#.......
#...#8.T..8# .##...#.......
#...#?....|# ###....#...###.
##+.#)....$# ######..###...###.
#..#8....8# #..#.##.##........
#..##8..8#####.##.#.##........
#...##++##.'.##.#.#.###...####


You could see a cyclops (extremely poisoned).

Vanquished Creatures
  A troll (D:6)
  Prince Ribbit (D:5)
  Duvessa (D:4)
  A black bear (D:4)
  2 ogres
  5 scorpions
  Dowan (D:4)
  A hound (D:3)
  2 jellies
  4 orc priests
  2 sleepcaps
  5 iguanas
  4 orc wizards (D:5)
  Robin (D:2)
  2 gnolls (D:6)
  3 adders
  2 shadow imps (D:4)
  A white imp (D:6)
  2 worms
  A dart slug (D:4)
  13 orcs
  4 bats
  11 endoplasms
  5 giant cockroaches
  14 goblins
  5 hobgoblins
  2 jackals (D:5)
  3 quokkas
  5 ball pythons
  5 frilled lizards
  6 kobolds
  4 rats
119 creatures vanquished.

Vanquished Creatures (others)
  2 orcs (D:5)
2 creatures vanquished.

Grand Total: 121 creatures vanquished

Notes
Turn   | Place    | Note
-------+----------+-------------------------------------------
     0 | D:1      | protoss039 the Demonspawn Earth Elementalist began the
                  | quest for the Orb.
     0 | D:1      | Reached XP level 1. HP: 13/13 MP: 3/3
   121 | D:1      | Gained mutation: You have a pair of small horns on your
                  | head. [demonic ancestry]
   121 | D:1      | Reached XP level 2. HP: 20/20 MP: 0/5
   303 | D:1      | Reached skill level 1 in Fighting
   768 | D:1      | Learned a level 2 spell: Passwall
   807 | D:2      | Found a faded altar of an unknown god.
   832 | D:2      | Noticed Robin
   837 | D:2      | Gained mutation: You have a pair of horns on your head.
                  | [demonic ancestry]
   837 | D:2      | Reached XP level 3. HP: 26/26 MP: 2/6
   843 | D:2      | Killed Robin
  1303 | D:2      | Learned a level 3 spell: Stone Arrow
  1382 | D:3      | Reached XP level 4. HP: 19/32 MP: 2/7
  1465 | D:3      | Found Bafew's Book Shoppe.
  1545 | D:3      | Found a stormy altar of Qazlal.
  1676 | D:3      | Reached skill level 1 in Armour
  1676 | D:3      | Reached skill level 1 in Conjurations
  1676 | D:3      | Gained mutation: You are partially covered in yellow
                  | scales. (AC +2) [demonic ancestry]
  1676 | D:3      | Reached XP level 5. HP: 21/38 MP: 4/8
  2188 | D:4      | Reached skill level 1 in Short Blades
  2316 | D:4      | Gained mutation: You may rarely emit foul miasma when
                  | damaged in melee. [demonic ancestry]
  2316 | D:4      | Reached XP level 6. HP: 44/44 MP: 0/10
  2468 | D:4      | Found a blossoming altar of Fedhas.
  2869 | D:4      | Noticed Duvessa
  2869 | D:4      | Noticed Dowan
  2891 | D:4      | Killed Duvessa
  2892 | D:4      | Reached XP level 7. HP: 39/51 MP: 3/11
  2901 | D:4      | Killed Dowan
  3121 | D:5      | Entered Level 5 of the Dungeon
  3121 | D:5      | Noticed Prince Ribbit
  3129 | D:5      | Killed Prince Ribbit
  3370 | D:5      | Found a staircase to the Ecumenical Temple.
  3502 | Temple   | Entered the Ecumenical Temple
  3515 | Temple   | Became a worshipper of Vehumet
  3586 | D:5      | Gained mutation: You regenerate a little health from kills.
                  | [demonic ancestry]
  3586 | D:5      | Reached XP level 8. HP: 58/58 MP: 13/13
  3814 | D:5      | Identified a scroll of acquirement
  3815 | D:5      | Acquired the ring of Aruitz {Wiz rN+ Str+2}
  4246 | D:6      | Found a large runed translucent door.
  4246 | D:6      | Found a large runed translucent door.
  4247 | D:6      | Noticed a troll
  4248 | D:6      | Noticed a cyclops
  4277 | D:6      | Noticed a troll
  4292 | D:6      | Killed a troll
  4370 | D:6      | Found a large runed translucent door.
  4370 | D:6      | Found a large runed translucent door.
  4742 | D:6      | Noticed a cyclops
  4743 | D:6      | Reached * piety under Vehumet
  4743 | D:6      | Offered knowledge of Magic Dart by Vehumet.
  4763 | D:6      | Slain by a cyclops

Illustrated notes

Levels and vault maps discovered:
D:1:      grunt_arrival_crossed_arrows, layout_basic, minmay_bisected
D:2:      layout_rooms, hellmonk_ecumenical_altar_slurped_away,
          chequers_serial_rivers_micro_c, minmay_crystal_room, uniq_robin
D:3:      layout_basic, amcnicky_altar_gilded, serial_shops,
          nicolae_diamond_shop, kennysheep_generic_room_3
D:4:      layout_basic, marbit_many_paths, uniq_duvessa
D:5:      layout_basic, minmay_temple_entry_ruins, minmay_misc_feat_iff,
          uniq_prince_ribbit1
D:6:      layout_gridville, gup_sewer_entry_spiral,
          minmay_hollow_rounded_squares
Temple:   hellmonk_temple_forest_ring

Skill      XL: |  1  2  3  4  5  6  7  8 |
---------------+-------------------------+-----
Fighting       | 1 2 3 4 |  4.5
Earth Magic    | 3 4 |  4.9
Stealth        | 2 3 |  3.0
Dodging        | 2 3 |  3.0
Armour         | 1 2 3 4 |  4.1
Conjurations   | 1 2 3 |  3.2
Short Blades   | 1 2 3 |  3.3
Spellcasting   | 3 4 |  4.5
Transmutations | |  0.8
Evocations     | |  0.9

Action                     |  1- 3 |  4- 6 |  7- 9 || total
---------------------------+-------+-------+-------++-------
  Melee: Dagger            |    65 |    71 |    88 ||   224
         Headbutt          |     9 |    10 |    23 ||    42
         Punch             |       |     2 |       ||     2
   Cast: Sandblast         |    24 |    51 |    28 ||   103
         Stone Arrow       |       |     1 |    15 ||    16
  Evoke: Wand              |       |       |     4 ||     4
    Use: Scroll            |       |     7 |     9 ||    16
         Potion            |       |     2 |     2 ||     4
   Stab: Sleeping          |     6 |     7 |     2 ||    15
         Distracted        |       |       |     1 ||     1
 Armour: Robe              |    16 |       |       ||    16
         Leather armour    |    17 |    60 |    57 ||   134
         Scale mail        |       |       |    30 ||    30
  Dodge: Dodged            |    79 |   143 |    77 ||   299

Table legend: (Time is in decaauts)
 A = Elapsed time spent in this place.
 B = Non-inter-level travel time spent in this place.
 C = Inter-level travel time spent in this place.
 D = Time resting spent in this place.
 E = Time spent auto-exploring this place.
 F = Levels seen in this place.
 G = Mean time per level.
                   A        B        C        D        E       F      G
               +--------+--------+--------+--------+--------+-----+--------+
         Total |   4788 |   4563 |    225 |    389 |   3226 |   7 |  684.0 |
       Dungeon |   4763 |   4561 |    202 |    389 |   3226 |   6 |  793.8 |
        Temple |     25 |      2 |     23 |      0 |      0 |   1 |   25.0 |
               +--------+--------+--------+--------+--------+-----+--------+

Top non-repeatable levels by time:
     D:4: 1149 daAuts
     D:5: 1072 daAuts
     D:1: 773 daAuts
     D:3: 717 daAuts
     D:2: 539 daAuts
     D:6: 510 daAuts
  Temple: 25 daAuts
